Map: Ulrena

Players

capac

  • Race: Terran Terran
  • League: Gold

Pato - Winner!

  • Race: Protoss Protoss
  • League: Gold

VOD

Have the link to the VOD?

Description

Time

  • Played on: Feb. 26, 2016, 2:09 p.m.
  • Length: 12:20
Show
View Real Time Build Order
Export as new Build Order

capac Terran 

Build Orders:  

Get SALT Encoding   

  12  0:01  SCV  
  13  0:13  SCV  
  14  0:18  Supply Depot  
  14  0:25  SCV  
  15  0:40  SCV  
  16  0:43  Barracks  
  16  0:46  Refinery  
  16  0:58  SCV  
  17  1:12  SCV  
  18  1:26  SCV  
  19  1:35  Barracks Reactor  
  19  1:38  Command Center  
  19  1:42  SCV  
  20  1:54  Orbital Command  
  20  2:03  Supply Depot  
  20  2:13  Marine x2  
  22  2:23  SCV  
  23  2:50  Marine x2, SCV  
  26  2:56  Bunker  
  26  3:02  SCV  
  27  3:12  Marine x2  
  28  3:14  Orbital Command  
  28  3:21  Factory  
  28  3:22  Refinery  
  28  3:26  SCV  
  28  3:27  Barracks  
  29  3:40  SCV  
  29  3:41  Marine x2  
  31  3:47  Engineering Bay  
  32  3:55  SCV x2  
  34  4:03  Marine  
  34  4:04  Marine  
  34  4:08  Starport, Factory Reactor  
  33  4:44  Marine x3  
  36  4:49  SCV x2  
  38  5:03  SCV x2  
  40  5:09  Barracks Tech Lab, Supply Depot  
  40  5:10  Marine x2  
  42  5:16  Medivac x2  
  42  5:17  Factory Tech Lab  
  42  5:18  Terran Infantry Weapons Level 1  
  46  5:30  SCV x2  
  46  5:33  Supply Depot  
  48  5:41  Marine x2  
  48  5:42  Marine  
  51  5:43  SCV x2  
  53  5:50  Barracks x2  
  53  5:59  Marine  
  53  6:00  Marine  
  53  6:03  Marine  
  56  6:04  Siege Tank  
  56  6:08  Refinery, SCV  
  56  6:09  SCV  
  56  6:11  Refinery  
  61  6:17  Marine  
  62  6:23  Marine  
  54  6:29  Marine  
  48  6:35  Marine  
  48  6:36  Missile Turret  
  49  6:41  Marine  
  50  6:47  Marine  
  50  6:53  Marine, Barracks Reactor x2  
  52  6:56  Starport  
  52  6:59  Marine  
  54  7:01  SCV x2  
  54  7:06  Supply Depot  
  54  7:07  Marine, Liberator  
  56  7:11  Marine, Siege Tank  
  60  7:16  Terran Infantry Armor Level 1  
  60  7:18  Missile Turret  
  63  7:37  SCV x2  
  65  7:48  Siege Tank  
  65  7:50  Stimpack  
  68  7:52  Marine x3  
  68  7:53  Marine x4  
  68  7:54  Starport Reactor  
  75  7:59  Supply Depot  
  75  8:01  Missile Turret  
  75  8:03  Liberator, SCV x2  
  77  8:11  Missile Turret  
  77  8:24  Supply Depot  
  80  8:27  Siege Tank  
  83  8:35  Medivac  
  83  8:41  SCV  
  86  8:43  Supply Depot  
  86  8:46  SCV, Medivac  
  89  8:49  Supply Depot  
  89  8:57  Missile Turret  
  89  9:06  Siege Tank  
  92  9:12  Medivac x2  
  92  9:17  Supply Depot, SCV x2  
  96  9:18  Supply Depot  
  98  9:39  Marine x5  
  98  9:40  Command Center  
  98  9:43  Supply Depot  
  98  9:44  Supply Depot  
  103  9:49  SCV x2  
  105  9:54  Combat Shields  
  105  9:56  Missile Turret  
  105  10:01  Armory  
  105  10:02  Engineering Bay  
  105  10:15  Liberator x3  
  105  10:17  Supply Depot  
  105  10:18  Marine x5  
  105  10:19  Marine  
  120  10:50  Marine x3  
  120  10:51  Marine x4  
  118  11:08  Marine x2  
  82  11:27  Marine x4  
  82  11:28  Marine x3  
  72  11:45  Marine x3  
  72  11:46  Marine  
  69  11:59  Marine  
Show
View Real Time Build Order
Export as new Build Order

Pato Protoss - Winner!

Build Orders: 1 Gate Expand 

Get SALT Encoding   

  12  0:01  Probe (Chrono Boost)  
  13  0:12  Probe (Chrono Boost)  
  14  0:19  Pylon  
  14  0:23  Probe (Chrono Boost)  
  15  0:37  Probe (Chrono Boost)  
  16  0:45  Gateway  
  16  0:48  Probe (Chrono Boost)  
  17  0:58  Probe (Chrono Boost)  
  18  1:09  Probe (Chrono Boost)  
  19  1:16  Assimilator  
  19  1:19  Probe (Chrono Boost)  
  20  1:28  Nexus  
  20  1:39  Cybernetics Core  
  20  1:42  Assimilator  
  20  1:44  Probe (Chrono Boost)  
  21  1:53  Pylon  
  21  1:57  Probe (Chrono Boost)  
  22  2:08  Probe (Chrono Boost)  
  23  2:18  Probe (Chrono Boost)  
  24  2:23  Adept (Chrono Boost)  
  24  2:25  Warp Gate (Chrono Boost)  
  27  2:30  Probe  
  27  2:41  Robotics Facility  
  27  2:42  Probe  
  27  2:43  Probe  
  29  2:52  Mothership Core  
  29  2:54  Probe  
  32  2:58  Adept  
  34  3:06  Probe  
  34  3:12  Probe  
  35  3:18  Probe  
  37  3:22  Probe, Gateway  
  38  3:29  Gateway  
  38  3:30  Probe  
  38  3:33  Probe  
  39  3:38  Pylon  
  40  3:42  Probe  
  40  3:43  Probe  
  40  3:47  Observer (Chrono Boost)  
  43  3:54  Probe x2  
  45  4:05  Probe  
  45  4:06  Probe  
  47  4:15  Probe  
  48  4:18  Probe  
  48  4:22  Immortal (Chrono Boost)  
  53  4:26  Probe, Assimilator  
  53  4:27  Assimilator  
  54  4:36  Probe x2  
  54  4:37  Pylon  
  52  4:39  Pylon  
  52  4:40  Stalker  
  54  4:46  Pylon  
  54  4:55  Probe  
  54  4:58  Stalker x2  
  59  5:05  Probe, Immortal (Chrono Boost)  
  64  5:07  Probe  
  64  5:13  Forge  
  65  5:16  Forge  
  65  5:24  Probe  
  65  5:26  Probe  
  67  5:28  Nexus  
  67  5:31  Pylon  
  67  5:35  Pylon  
  67  5:36  Sentry  
  67  5:39  Immortal (Chrono Boost)  
  73  5:44  Pylon  
  73  5:45  Probe  
  73  5:46  Probe  
  75  5:50  Stalker  
  75  5:51  Stalker  
  75  5:52  Protoss Ground Armor Level 1 (Chrono Boost)  
  75  5:53  Protoss Ground Weapons Level 1 (Chrono Boost)  
  79  6:08  Stalker  
  81  6:13  Robotics Bay  
  81  6:16  Stalker  
  81  6:17  Stalker  
  81  6:33  Stalker  
  81  6:39  Probe  
  83  6:40  Probe x2  
  83  6:45  Stalker x2  
  90  6:49  Probe  
  90  6:52  Probe x2  
  90  6:54  Pylon x2  
  93  6:55  Pylon  
  93  7:00  Probe, Pylon  
  93  7:04  Probe x2  
  93  7:07  Twilight Council, Pylon  
  96  7:09  Pylon  
  96  7:10  Probe  
  96  7:11  Extended Thermal Lance (Chrono Boost)  
  97  7:18  Colossus  
  97  7:21  Probe x2  
  105  7:26  Protoss Ground Armor Level 2  
  105  7:43  Photon Cannon, Protoss Ground Weapons Level 2  
  104  7:53  Probe x2, Photon Cannon  
  105  8:05  Stalker x2  
  109  8:11  Colossus  
  115  8:27  Assimilator  
  115  8:30  Assimilator  
  115  8:34  Gateway x2  
  115  8:35  Pylon  
  115  8:36  Gateway  
  115  8:37  Gateway  
  115  8:40  Gateway  
  115  8:41  Gateway  
  115  8:42  Gateway, Blink (Chrono Boost)  
  115  8:47  Stalker  
  117  8:48  Sentry  
  117  8:50  Stalker  
  121  9:00  Pylon  
  121  9:05  Colossus  
  127  9:22  Stalker x2  
  127  9:23  Stalker  
  133  9:24  Pylon  
  133  9:41  Templar Archives, Protoss Ground Armor Level 3, Zealot  
  133  9:42  Zealot x4  
  143  9:57  Zealot  
  145  10:01  Nexus  
  145  10:02  Pylon  
  145  10:05  Pylon  
  145  10:07  Pylon  
  145  10:08  Stalker x3  
  145  10:09  Stalker x2  
  145  10:10  Assimilator  
  145  10:11  Psionic Storm  
  153  10:14  Assimilator  
  153  10:29  Sentry  
  153  10:31  Zealot x4  
  153  10:32  Zealot x3  
  153  10:33  Zealot  
  153  10:34  Charge  
  171  10:54  Pylon  
  158  11:17  Stalker x3  
  158  11:18  Stalker x5  
  145  11:19  Stalker x2  
  87  11:57  Stalker x5  
  87  11:58  Stalker x5  
Tags
 
Add a new tag
Caveats
  • Supply blocks, unpowered buildings, or Contaminate may cause inaccurate times.
  • Supply counts are checked every 10 seconds.